[ PARTIDA AOE2 · #493826733 ]
UnrankedDrávidas vs Spanish
Equipo del jugador · VICT
Equipo rival · DERR
[ ANÁLISIS DE REPETICIÓN · EXTRAÍDO DE LA PARTIDA GRABADA ]
Feudal
10:46
Castillos
21:14
Imperial
—
| APM promedio | 48.1 |
| APM pico | 121 |
| eAPM promedio | 20.5 |
| Aldeanos / militares | 73 / 55 |
Foco
⚔️ 34.2% · 🌾 65.8%
Archer ×46 · Mangonel ×5 · Militia ×3 · Scorpion ×1
Feudal
10:45
Castillos
15:16
Imperial
—
| APM promedio | 52.3 |
| APM pico | 84 |
| eAPM promedio | 25.6 |
| Aldeanos / militares | 58 / 91 |
Foco
⚔️ 44.7% · 🌾 55.3%
Missionary ×64 · Mangonel ×22 · Battering Ram ×5
Mapa de la partida
Recursos iniciales + cada clic de construcción. Líneas = muros · curvas = relieve. ◆ oro · ⬟ piedra · ● bayas · ✦ reliquia · ◌ hueco del cierre
Tu base· ✓ Cerrada en 21:14 · 78t muro · sin puerta
Base de Mike Michaels· Abierta — hueco de 10t
Terreno inicial suavizado · ◌ = hueco del cierre detectado · pasá el cursor para detalles
Inputs por minuto
— Ode - - Mike Michaels
Build order — Ode
Primeras 150 de 256 acciones detectadas
| 0:00 | Crear | Villager (Male) |
| 0:01 | Crear | Villager (Male) |
| 0:01 | Crear | Villager (Male) |
| 0:01 | Crear | Villager (Male) |
| 0:02 | Crear | Villager (Male) |
| 0:02 | Construir | House |
| 0:04 | Construir | House |
| 1:30 | Crear | Villager (Male) |
| 2:00 | Construir | Lumber Camp |
| 2:04 | Crear | Villager (Male) |
| 2:34 | Crear | Villager (Male) |
| 2:58 | Crear | Villager (Male) |
| 3:14 | Crear | Villager (Male) |
| 3:51 | Crear | Villager (Male) |
| 3:54 | Construir | House |
| 4:10 | Crear | Villager (Male) |
| 4:30 | Construir | Barracks |
| 4:48 | Crear | Villager (Male) |
| 4:49 | Crear | Villager (Male) |
| 5:16 | Construir | House |
| 5:17 | Construir | Palisade Wall |
| 5:18 | Construir | Palisade Wall |
| 5:21 | Crear | Villager (Male) |
| 5:26 | Crear | Militia |
| 5:27 | Crear | Militia |
| 6:02 | Crear | Villager (Male) |
| 6:15 | Construir | Mill |
| 6:31 | Crear | Villager (Male) |
| 6:47 | Construir | House |
| 6:47 | Construir | Palisade Wall |
| 6:48 | Construir | Palisade Wall |
| 6:57 | Crear | Villager (Male) |
| 7:03 | Crear | Villager (Male) |
| 7:06 | Investigar | Loom |
| 7:41 | Construir | Palisade Wall |
| 7:42 | Construir | Palisade Wall |
| 7:42 | Construir | Palisade Wall |
| 7:43 | Construir | Palisade Wall |
| 7:44 | Construir | Palisade Wall |
| 7:45 | Construir | Palisade Wall |
| 7:45 | Construir | Palisade Wall |
| 8:36 | Investigar | Feudal Age |
| 8:59 | Construir | Mining Camp |
| 9:22 | Crear | Militia |
| 9:34 | Construir | House |
| 10:43 | Construir | Farm |
| 10:44 | Construir | Farm |
| 10:46 | Edad | Edad Feudal |
| 10:46 | Construir | Farm |
| 10:48 | Construir | Farm |
| 10:49 | Crear | Villager (Male) |
| 10:53 | Construir | Watch Tower |
| 10:57 | Investigar | Man-at-Arms (upgrade) |
| 10:58 | Investigar | Arson |
| 11:00 | Investigar | Double-Bit Axe |
| 11:08 | Construir | House |
| 11:13 | Construir | Palisade Wall |
| 11:22 | Construir | Farm |
| 11:24 | Crear | Villager (Male) |
| 11:29 | Construir | Archery Range |
| 11:47 | Crear | Villager (Male) |
| 12:09 | Crear | Villager (Male) |
| 12:11 | Construir | Farm |
| 12:15 | Construir | Mining Camp |
| 12:35 | Crear | Villager (Male) |
| 12:40 | Construir | Blacksmith |
| 12:57 | Crear | Archer |
| 12:57 | Crear | Archer |
| 12:59 | Crear | Villager (Male) |
| 13:19 | Crear | Villager (Male) |
| 13:22 | Construir | House |
| 13:24 | Construir | Palisade Wall |
| 13:50 | Crear | Villager (Male) |
| 13:59 | Construir | Watch Tower |
| 14:01 | Crear | Archer |
| 14:06 | Construir | Farm |
| 14:13 | Crear | Villager (Male) |
| 14:28 | Construir | Palisade Wall |
| 14:28 | Construir | Palisade Wall |
| 14:29 | Construir | Palisade Wall |
| 14:29 | Construir | Palisade Wall |
| 14:30 | Construir | Palisade Wall |
| 14:41 | Crear | Archer |
| 14:43 | Investigar | Fletching |
| 14:46 | Crear | Villager (Male) |
| 14:55 | Construir | Farm |
| 15:05 | Crear | Archer |
| 15:13 | Crear | Villager (Male) |
| 15:18 | Construir | Palisade Wall |
| 15:50 | Crear | Archer |
| 15:55 | Crear | Villager (Male) |
| 16:04 | Construir | Farm |
| 16:10 | Construir | Palisade Wall |
| 16:28 | Construir | Watch Tower |
| 16:42 | Crear | Villager (Male) |
| 16:47 | Construir | Market |
| 16:49 | Construir | Palisade Wall |
| 17:00 | Crear | Archer |
| 17:01 | Crear | Archer |
| 17:03 | Crear | Villager (Male) |
| 17:14 | Construir | Farm |
| 17:20 | Construir | Outpost |
| 17:40 | Crear | Archer |
| 17:50 | Construir | Farm |
| 17:54 | Construir | House |
| 17:58 | Construir | Palisade Wall |
| 18:07 | Crear | Villager (Male) |
| 18:34 | Investigar | Castle Age |
| 18:35 | Investigar | Castle Age |
| 18:41 | Construir | House |
| 18:42 | Construir | House |
| 18:45 | Construir | Farm |
| 19:07 | Investigar | Town Watch |
| 19:17 | Crear | Archer |
| 19:18 | Crear | Archer |
| 19:47 | Construir | Watch Tower |
| 19:51 | Construir | Archery Range |
| 19:56 | Crear | Archer |
| 19:58 | Investigar | Padded Archer Armor |
| 20:14 | Construir | Farm |
| 20:19 | Construir | Farm |
| 20:31 | Crear | Archer |
| 21:08 | Construir | Mining Camp |
| 21:13 | Crear | Archer |
| 21:14 | Crear | Archer |
| 21:14 | Edad | Edad de los Castillos |
| 21:18 | Investigar | Crossbowman (upgrade) |
| 21:32 | Crear | Villager (Male) |
| 21:36 | Construir | University |
| 21:48 | Investigar | Bodkin Arrow |
| 21:51 | Construir | Farm |
| 21:56 | Construir | Farm |
| 21:59 | Crear | Archer |
| 22:05 | Crear | Villager (Male) |
| 22:15 | Crear | Villager (Male) |
| 22:35 | Crear | Villager (Male) |
| 22:39 | Construir | Siege Workshop |
| 22:54 | Investigar | Ballistics |
| 22:56 | Crear | Villager (Male) |
| 22:56 | Crear | Villager (Male) |
| 23:02 | Construir | Farm |
| 23:04 | Crear | Villager (Male) |
| 23:14 | Crear | Villager (Male) |
| 23:36 | Construir | House |
| 23:36 | Construir | House |
| 23:37 | Construir | House |
| 23:43 | Crear | Villager (Male) |
| 23:43 | Crear | Villager (Male) |
| 24:09 | Crear | Archer |
| 24:10 | Crear | Archer |
Build order — Mike Michaels
150 acciones detectadas en el replay
| 0:01 | Crear | Villager (Male) ×4 |
| 0:02 | Construir | House |
| 0:04 | Construir | House |
| 1:30 | Crear | Villager (Male) |
| 2:15 | Crear | Villager (Male) ×2 |
| 2:15 | Crear | Villager (Male) ×2 |
| 2:19 | Construir | Lumber Camp |
| 3:03 | Crear | Villager (Male) ×3 |
| 3:03 | Crear | Villager (Male) ×3 |
| 3:36 | Crear | Villager (Male) |
| 3:44 | Construir | House |
| 3:45 | Construir | House |
| 4:45 | Crear | Villager (Male) ×3 |
| 4:45 | Crear | Villager (Male) ×4 |
| 4:45 | Crear | Villager (Male) |
| 4:48 | Crear | Villager (Male) |
| 5:11 | Construir | Mill |
| 5:16 | Crear | Villager (Male) |
| 5:34 | Construir | Palisade Wall |
| 5:49 | Crear | Villager (Male) |
| 6:01 | Construir | Palisade Wall |
| 6:02 | Construir | Palisade Wall |
| 6:04 | Crear | Villager (Male) |
| 6:22 | Crear | Villager (Male) |
| 6:33 | Crear | Villager (Male) |
| 6:38 | Construir | Palisade Wall |
| 6:39 | Construir | Palisade Wall |
| 6:39 | Construir | Palisade Wall |
| 7:01 | Investigar | Loom |
| 7:26 | Crear | Villager (Male) ×5 |
| 8:35 | Investigar | Feudal Age |
| 8:46 | Construir | Mining Camp |
| 10:45 | Edad | Edad Feudal |
| 10:54 | Construir | Market |
| 11:01 | Crear | Villager (Male) |
| 11:01 | Crear | Villager (Male) |
| 11:04 | Construir | Blacksmith |
| 11:28 | Construir | House |
| 11:50 | Construir | Stone Wall |
| 12:36 | Investigar | Castle Age |
| 12:36 | Investigar | Castle Age |
| 12:52 | Construir | Stone Wall |
| 12:53 | Construir | Stone Wall |
| 12:53 | Construir | Stone Wall |
| 13:34 | Construir | House |
| 13:47 | Construir | Mining Camp |
| 14:25 | Construir | Watch Tower |
| 14:31 | Construir | Watch Tower |
| 15:16 | Edad | Edad de los Castillos |
| 15:16 | Construir | Stone Wall |
| 15:18 | Construir | Stone Wall |
| 15:19 | Construir | Stone Wall |
| 15:23 | Construir | Monastery |
| 15:38 | Construir | Stone Wall |
| 15:40 | Construir | Stone Wall |
| 15:42 | Construir | Stone Wall |
| 16:00 | Crear | Missionary |
| 16:22 | Crear | Villager (Male) ×2 |
| 16:40 | Construir | Monastery |
| 16:50 | Construir | House |
| 17:07 | Crear | Missionary ×2 |
| 17:08 | Crear | Missionary ×2 |
| 17:26 | Crear | Missionary |
| 18:00 | Crear | Missionary ×2 |
| 18:00 | Crear | Missionary ×2 |
| 18:00 | Crear | Missionary ×2 |
| 18:38 | Crear | Missionary ×2 |
| 18:44 | Construir | Farm |
| 18:45 | Construir | Farm |
| 18:56 | Construir | House |
| 18:57 | Construir | House |
| 19:26 | Investigar | Sanctity |
| 19:59 | Crear | Missionary ×3 |
| 20:36 | Crear | Villager (Male) |
| 21:40 | Construir | Siege Workshop |
| 21:42 | Crear | Villager (Male) |
| 21:45 | Crear | Missionary ×5 |
| 21:45 | Crear | Missionary ×5 |
| 21:45 | Crear | Missionary |
| 22:00 | Construir | Lumber Camp |
| 22:18 | Investigar | Redemption |
| 22:58 | Investigar | Double-Bit Axe |
| 23:26 | Crear | Villager (Male) |
| 23:28 | Crear | Missionary ×3 |
| 23:29 | Crear | Missionary ×3 |
| 23:33 | Construir | House |
| 23:34 | Construir | House |
| 24:15 | Crear | Missionary ×2 |
| 24:15 | Crear | Missionary ×2 |
| 24:15 | Crear | Missionary ×2 |
| 24:28 | Crear | Mangonel |
| 24:32 | Construir | House |
| 24:37 | Crear | Missionary ×3 |
| 24:39 | Crear | Villager (Male) |
| 24:39 | Crear | Villager (Male) |
| 25:00 | Crear | Mangonel |
| 25:13 | Construir | Farm |
| 25:22 | Construir | House |
| 26:00 | Crear | Mangonel |
| 26:20 | Crear | Villager (Male) ×2 |
| 26:23 | Crear | Missionary ×4 |
| 26:34 | Construir | House |
| 27:26 | Crear | Mangonel |
| 27:36 | Crear | Mangonel |
| 27:48 | Crear | Missionary ×2 |
| 27:50 | Crear | Villager (Male) ×2 |
| 28:12 | Construir | Siege Workshop |
| 28:21 | Construir | Farm |
| 28:22 | Construir | Farm |
| 28:53 | Crear | Mangonel |
| 28:54 | Crear | Mangonel |
| 28:57 | Construir | House |
| 29:20 | Crear | Mangonel |
| 29:30 | Crear | Villager (Male) |
| 30:06 | Crear | Mangonel |
| 30:06 | Crear | Mangonel |
| 30:33 | Crear | Mangonel |
| 30:33 | Crear | Mangonel |
| 30:34 | Crear | Villager (Male) |
| 30:38 | Crear | Missionary ×3 |
| 30:52 | Crear | Missionary |
| 30:52 | Crear | Missionary |
| 30:53 | Crear | Villager (Male) |
| 30:53 | Crear | Villager (Male) |
| 31:46 | Crear | Battering Ram |
| 31:49 | Crear | Mangonel |
| 31:49 | Crear | Mangonel |
| 31:49 | Crear | Mangonel |
| 31:55 | Crear | Missionary ×3 |
| 31:56 | Crear | Missionary ×3 |
| 31:56 | Crear | Villager (Male) |
| 32:09 | Crear | Villager (Male) ×2 |
| 32:15 | Construir | Outpost |
| 32:24 | Construir | House |
| 32:30 | Crear | Missionary ×2 |
| 32:30 | Crear | Missionary ×2 |
| 32:42 | Construir | House |
| 34:20 | Crear | Battering Ram |
| 34:21 | Crear | Battering Ram |
| 34:23 | Crear | Villager (Male) ×3 |
| 34:28 | Crear | Mangonel |
| 34:28 | Crear | Mangonel |
| 34:43 | Crear | Mangonel |
| 34:43 | Crear | Mangonel |
| 35:14 | Construir | Mining Camp |
| 36:18 | Crear | Battering Ram |
| 36:19 | Crear | Battering Ram |
| 36:32 | Crear | Mangonel |
| 36:32 | Crear | Mangonel |
| 36:32 | Crear | Mangonel |
Cronología de la partida
| 4:30 | Ode · first_building Barracks |
| 5:17 | Ode · wall_segment Palisade Wall x1 |
| 5:18 | Ode · wall_segment Palisade Wall x1 |
| 5:34 | Mike Michaels · wall_segment Palisade Wall x7 |
| 6:01 | Mike Michaels · wall_segment Palisade Wall x10 |
| 6:02 | Mike Michaels · wall_segment Palisade Wall x1 |
| 6:38 | Mike Michaels · wall_segment Palisade Wall x1 |
| 6:39 | Mike Michaels · wall_segment Palisade Wall x1 |
| 6:39 | Mike Michaels · wall_segment Palisade Wall x1 |
| 6:47 | Ode · wall_segment Palisade Wall x1 |
| 6:48 | Ode · wall_segment Palisade Wall x1 |
| 7:41 | Ode · wall_segment Palisade Wall x1 |
| 7:42 | Ode · wall_segment Palisade Wall x1 |
| 7:42 | Ode · wall_segment Palisade Wall x1 |
| 7:43 | Ode · wall_segment Palisade Wall x1 |
| 7:44 | Ode · wall_segment Palisade Wall x1 |
| 7:45 | Ode · wall_segment Palisade Wall x1 |
| 7:45 | Ode · wall_segment Palisade Wall x1 |
| 10:45 | Mike Michaels · age_up feudal |
| 10:46 | Ode · age_up feudal |
| 11:13 | Ode · wall_segment Palisade Wall x17 |
| 11:29 | Ode · first_building Archery Range |
| 11:50 | Mike Michaels · wall_segment Stone Wall x1 |
| 12:14 | Mike Michaels · first_market_sell 100 wood |
| 12:52 | Mike Michaels · wall_segment Stone Wall x1 |
| 12:53 | Mike Michaels · wall_segment Stone Wall x1 |
| 12:53 | Mike Michaels · wall_segment Stone Wall x1 |
| 13:24 | Ode · wall_segment Palisade Wall x11 |
| 14:28 | Ode · wall_segment Palisade Wall x1 |
| 14:28 | Ode · wall_segment Palisade Wall x1 |
| 14:29 | Ode · wall_segment Palisade Wall x1 |
| 14:29 | Ode · wall_segment Palisade Wall x1 |
| 14:30 | Ode · wall_segment Palisade Wall x1 |
| 14:38 | Mike Michaels · first_market_buy 100 wood |
| 15:16 | Mike Michaels · age_up castle |
| 15:16 | Mike Michaels · wall_segment Stone Wall x1 |
| 15:18 | Mike Michaels · wall_segment Stone Wall x1 |
| 15:18 | Ode · wall_segment Palisade Wall x6 |
| 15:19 | Mike Michaels · wall_segment Stone Wall x1 |
| 15:23 | Mike Michaels · first_building Monastery |
| 15:38 | Mike Michaels · wall_segment Stone Wall x1 |
| 15:40 | Mike Michaels · wall_segment Stone Wall x1 |
| 15:42 | Mike Michaels · wall_segment Stone Wall x1 |
| 16:10 | Ode · wall_segment Palisade Wall x8 |
| 16:49 | Ode · wall_segment Palisade Wall x10 |
| 17:58 | Ode · wall_segment Palisade Wall x10 |
| 18:01 | Ode · first_market_sell 100 stone |
| 18:03 | Ode · first_market_buy 100 food |
| 21:14 | Ode · age_up castle |
| 21:40 | Mike Michaels · first_building Siege Workshop |
| 22:39 | Ode · first_building Siege Workshop |
| 32:34 | Ode · wall_segment Palisade Wall x1 |
| 35:18 | Ode · wall_segment Palisade Wall x1 |
| 36:39 | Mike Michaels · resign |
[ ANÁLISIS IA · 1 CRÉDITO ]
¿Qué pasó realmente en esta partida?
Wolo.gg analiza cada decisión: build order, eco, micro, errores típicos por bracket. Análisis personalizado por WhatsApp o Discord en 30 segundos.
Guía civ
Drávidas
Perfil
Ode